 Dungeon Crawl Stone Soup version 0.24.0-41-g2ae2f7f1be (webtiles) character file.

Game seed: 1116025411025010195, levelgen mode: deterministic

513 Delamore the Cleaver (level 7, -1/57 HPs)
             Began as a Hill Orc Fighter on Dec 13, 2019.
             Slain by Duvessa
             ... wielding a +0 rapier
              (3 damage)
             ... on level 4 of the Dungeon.
             The game lasted 00:03:30 (2775 turns).

Delamore the Cleaver (Hill Orc Fighter)             Turns: 2775, Time: 00:03:31

Health: -1/57      AC:  7    Str: 21    XL:     7   Next: 19%
Magic:  0/7        EV:  8    Int: 13    God:
Gold:   186        SH:  9    Dex: 10    Spells: 6/6 levels left

rFire    . . .     SeeInvis .   a - +0 war axe
rCold    . . .     Gourm    .   c - +0 shield
rNeg     + . .     Faith    .   j - +1 ring mail {rN+}
rPois    .         Spirit   +   y - +0 helmet
rElec    .         Reflect  .   m - scarf {Spirit}
rCorr    .         Harm     .   (no gloves)
MR       .....                  (no boots)
Stlth    ..........             (no amulet)
HPRegen  0.19/turn              (no ring)
MPRegen  0.10/turn              (no ring)

@: brilliant
A: no striking features
a: no special abilities


You were on level 4 of the Dungeon.
You were not hungry.

You visited 1 branch of the dungeon, and saw 4 of its levels.

You collected 186 gold pieces.

Inventory:

Hand Weapons
 a - a +0 war axe (weapon)
Missiles
 v - 2 throwing nets (quivered)
 E - 16 poisoned darts
Armour
 b - a +0 scale mail
 c - a +0 shield (worn)
 j - a +1 ring mail of positive energy (worn)
 m - a scarf of spirit shield (worn)
 y - a +0 helmet (worn)
Wands
 s - a wand of polymorph (6)
 C - a wand of scattershot (4)
Scrolls
 e - 2 scrolls of noise {unknown}
 g - 2 scrolls of blinking {unknown}
 h - 5 scrolls of identify {unknown}
 k - a scroll of enchant weapon {unknown}
 n - a scroll of amnesia {unknown}
 r - 4 scrolls of remove curse {unknown}
 t - a scroll of magic mapping {unknown}
 x - a scroll of teleportation {unknown}
 A - a scroll of immolation {unknown}
Potions
 d - a potion of might
 i - a potion of agility {unknown}
 l - a potion of brilliance
 o - a potion of invisibility {unknown}
 p - a potion of mutation {unknown}
 q - a potion of curing {unknown}
 u - a potion of lignification {unknown}
 w - a potion of heal wounds
 B - a potion of degeneration {unknown}
 D - 2 potions of flight {unknown}
Comestibles
 f - 14 rations
 z - 14 chunks of flesh


   Skills:
 - Level 3.6 Fighting
 + Level 10.0 Axes
 - Level 3.2 Armour
 - Level 3.2 Shields


You had 6 spell levels left.
You didn't know any spells.
Your spell library was empty.

Dungeon Overview and Level Annotations

Branches:
Dungeon (4/15)
 Temple: D:4-7

Altars:
Cheibriados
Gozag
The Shining One

Annotations:
D:4 Duvessa


Message History

Duvessa hits you but does no damage.
You slash Duvessa!
Duvessa is heavily wounded.
You block Duvessa's attack. Duvessa hits you with a +0 rapier.
You closely miss Duvessa.
Duvessa is heavily wounded.
Duvessa hits you with a +0 rapier.
Your shield and ring mail prevent you from hitting Duvessa.
Duvessa is heavily wounded.
Duvessa hits you but does no damage. Duvessa hits you with a +0 rapier.
You hit Duvessa.
Duvessa is heavily wounded.
Duvessa hits you with a +0 rapier!
* * * LOW HITPOINT WARNING * * *
You hit Duvessa.
Duvessa is heavily wounded.
Duvessa hits you with a +0 rapier!
* * * LOW HITPOINT WARNING * * *
Duvessa hits you with a +0 rapier.
You die...

.[..............
##+####......... .#
....# #......... .#
....###........ ..# .
............### ..#..
............# ......
............# ###......
............####.)......
##..............@e......
##......................
##................##....
..................# ...
..................# .
...##...............
+#.##................ .
####......##..... .


You could see Duvessa (berserk).

Vanquished Creatures
  Sigmund (D:3)
  Dowan (D:4)
  A crimson imp (D:3)
  An orc priest (D:4)
  Jessica (D:2)
  Ijyb (D:3)
  2 worker ants (D:4)
  Robin (D:3)
  4 adders
  2 worms
  3 dart slugs
  A leopard gecko (D:3)
  10 orcs
  14 bats
  3 giant cockroaches
  10 hobgoblins
  8 kobolds
  5 frilled lizards
  13 goblins
  7 rats
  A bush (D:4)
90 creatures vanquished.

Vanquished Creatures (others)
  A plant (D:4)
1 creature vanquished.

Grand Total: 91 creatures vanquished

Notes
Turn   | Place    | Note
-------+----------+-------------------------------------------
     0 | D:1      | Delamore the Hill Orc Fighter began the quest for the Orb.
     0 | D:1      | Reached XP level 1. HP: 19/19 MP: 1/1
    40 | D:1      | Reached skill level 3 in Axes
   120 | D:1      | Reached XP level 2. HP: 20/26 MP: 2/2
   198 | D:1      | Reached skill level 4 in Axes
   602 | D:1      | Reached XP level 3. HP: 31/31 MP: 3/3
   953 | D:2      | Reached skill level 5 in Axes
   980 | D:2      | Noticed Jessica
  1293 | D:2      | Killed Jessica
  1293 | D:2      | Reached XP level 4. HP: 34/39 MP: 2/4
  1398 | D:2      | Reached skill level 6 in Axes
  1754 | D:3      | Noticed Sigmund
  1770 | D:3      | Killed Sigmund
  1770 | D:3      | Reached skill level 8 in Axes
  1770 | D:3      | Reached XP level 5. HP: 19/45 MP: 2/5
  1770 | D:3      | Reached XP level 6. HP: 22/51 MP: 2/6
  1816 | D:3      | Noticed Robin
  1827 | D:3      | Killed Robin
  2173 | D:3      | Noticed Ijyb
  2183 | D:3      | Killed Ijyb
  2191 | D:3      | Reached skill level 9 in Axes
  2541 | D:4      | Found a snail-covered altar of Cheibriados.
  2541 | D:4      | Found an opulent altar of Gozag.
  2543 | D:4      | Found a glowing golden altar of the Shining One.
  2694 | D:4      | Reached XP level 7. HP: 57/57 MP: 7/7
  2754 | D:4      | Noticed Dowan
  2755 | D:4      | Noticed Duvessa
  2760 | D:4      | Killed Dowan
  2760 | D:4      | Reached skill level 10 in Axes
  2775 | D:4      | HP: 2/57 [Duvessa/+0 rapier (8)]
  2775 | D:4      | Slain by Duvessa

Levels and vault maps discovered:
D:1:      elethiomel_arrival_infinity_welcomes_careful_drivers, layout_basic,
          minmay_misc_feat_rows
D:2:      layout_rooms, dk_vineyard_1, uniq_jessica
D:3:      layout_loops_ring, minmay_misc_feat_iff, hangedman_decor_opposing,
          skrybe_limestone_x, uniq_sigmund, uniq_ijyb, uniq_robin
D:4:      layout_basic, lemuel_blue_sif_altar,
          gammafunk_temple_overflow_forgotten, kennysheep_generic_room_4,
          uniq_duvessa

Skill      XL: |  1  2  3  4  5  6  7 |
---------------+----------------------+-----
Axes           | 3 4 5 8 9 10 | 10.0
Fighting       | |  3.6
Armour         | |  3.2
Shields        | |  3.2

Action                   |  1- 3 |  4- 6 |  7- 9 || total
-------------------------+-------+-------+-------++-------
Melee: War axe           |   109 |   148 |    30 ||   287
  Use: Potion            |       |     1 |     2 ||     3
  Eat: Chunk             |     1 |     5 |       ||     6
Armor: Scale mail        |    12 |       |       ||    12
       Ring mail         |    36 |    44 |     8 ||    88
Dodge: Dodged            |    30 |    40 |     8 ||    78
Block: Shield            |    49 |    46 |    10 ||   105
